 Dungeon Crawl Stone Soup version 0.22-a0-553-g9358b0b (webtiles) character file.

200 chorionicmirror the Shield-Bearer (level 6, -12/47 HPs)
             Began as a Formicid Fighter on June 25, 2018.
             Killed by divine providence
             ... invoked by an orc priest
              (15 damage)
             ... on level 3 of the Dungeon.
             The game lasted 00:06:59 (1953 turns).

chorionicmirror the Shield-Bearer (FoFi)            Turns: 1953, Time: 00:07:04

Health: -12/47     AC:  9    Str: 24 (26) XL:     6   Next: 6%
Magic:  6/6        EV: 14    Int:  8 (9)  God:
Gold:   53         SH: 11    Dex: 12 (15) Spells: 5/5 levels left

rFire    x . .     SeeInvis +   a - +0 long sword
rCold    + . .     Gourm    .   c - +0 shield
rNeg     . . .     Faith    .   b - +0 scale mail
rPois    +         Spirit   .   (helmet unavailable)
rElec    .         Reflect  .   o - +0 cloak
rCorr    .         Harm     .   (no gloves)
MR       .....                  r - +0 pair of boots (curse)
Stlth    +.........             (no amulet)
HPRegen  0.15/turn              i - ring of poison resistance
MPRegen  0.10/turn              l - ring of ice

@: mighty, agile
A: permanent stasis, dig shafts and tunnels, four strong arms, antennae 3
a: Dig, Shaft Self


You were on level 3 of the Dungeon.
You were hungry.

You visited 1 branch of the dungeon, and saw 3 of its levels.

You collected 53 gold pieces.

Inventory:

Hand Weapons
 a - a +0 long sword (weapon)
Armour
 b - a +0 scale mail (worn)
 c - a +0 shield (worn)
 o - a +0 cloak (worn)
 r - a cursed +0 pair of boots (worn)
Magical Staves
 k - an uncursed staff of poison
Jewellery
 i - a ring of poison resistance (left hand)
 l - a ring of ice (right hand)
 n - an uncursed ring of stealth {unknown}
 q - an uncursed amulet of faith {unknown}
Scrolls
 p - a scroll of identify
Potions
 j - a potion of ambrosia {unknown}
 m - a potion of lignification
Comestibles
 f - 2 rations


   Skills:
 - Level 3.2 Fighting
 - Level 2.0 Long Blades
 - Level 3.2 Armour
 + Level 7.6 Shields


You had 5 spell levels left.
You didn't know any spells.
Your spell library was empty.

Dungeon Overview and Level Annotations

Branches:
Dungeon (3/15)

Altars:
Hepliaklqana
Kikubaaqudgha
Vehumet


Innate Abilities, Weirdness & Mutations

You cannot be hasted, slowed, berserked, paralysed or teleported.
You can dig through walls and to a lower floor.
Your four strong arms can wield two-handed weapons with a shield.
You have a pair of large antennae on your head. (SInv)


Message History

You feel clever.
The orc priest mumbles some strange prayers to Beogh against you.
Beogh smites you!
* * * LOW HITPOINT WARNING * * *
The hobgoblin hits you but does no damage.
It was a potion of haste.
Your stasis prevents you from being hasted.
You block the hobgoblin's attack.
It was a potion of degeneration.
There was something very wrong with that liquid.
You feel weakened.
You feel dopey.
You feel clumsy. You block the hobgoblin's attack.
It was a potion of agility.
You feel agile all of a sudden.
You feel less wooden.
Your +0 cloak unmelds from your body.
Your cursed +0 pair of boots unmelds from your body.
Your +0 scale mail unmelds from your body.
The orc priest mumbles some strange prayers to Beogh against you.
Beogh smites you!
You die...

####### #.....#.. {
#.###.#.# #.#<#.#.#
#.#.#.#.# #####
#...#.#.#.....#
#####.#.#.....#
##...........[.#
#.(....#@##... #
#..#####g## .#
#..#...ogo# ..#
...##..#.###..# ...+
...........##..#....+#
######.....##..†......
.........%...†......
...#.#....#)#.##.....
.....######.#........


You could see an orc priest, an orc and 2 hobgoblins.

Vanquished Creatures
  A howler monkey (D:3)
  An orc wizard (D:3)
  A worker ant (D:2)
  6 adders
  2 dart slugs (D:2)
  4 leopard geckos (D:1)
  An orc (D:3)
  3 ball pythons
  2 giant cockroaches (D:2)
  4 goblins
  3 hobgoblins
  10 jackals
  2 bats (D:1)
  5 frilled lizards
  6 kobolds
  3 rats
54 creatures vanquished.

Notes
Turn   | Place    | Note
-------+----------+-------------------------------------------
     0 | D:1      | chorionicmirror the Formicid Fighter began the quest for the Orb.
     0 | D:1      | Reached XP level 1. HP: 18/18 MP: 1/1
    53 | D:1      | Reached skill level 4 in Shields
   322 | D:1      | Reached XP level 2. HP: 22/24 MP: 2/2
   518 | D:1      | Reached XP level 3. HP: 29/29 MP: 3/3
   693 | D:2      | Reached skill level 5 in Shields
   695 | D:2      | Reached XP level 4. HP: 17/35 MP: 4/4
  1054 | D:2      | Reached skill level 6 in Shields
  1568 | D:2      | Reached XP level 5. HP: 36/41 MP: 5/5
  1821 | D:2      | Found a radiant altar of Vehumet.
  1833 | D:2      | Found a hazy altar of Hepliaklqana.
  1903 | D:3      | Found an ancient bone altar of Kikubaaqudgha.
  1916 | D:3      | Reached skill level 7 in Shields
  1950 | D:3      | Reached XP level 6. HP: 15/47 MP: 6/6
  1953 | D:3      | Killed from afar by an orc priest

Vault maps used:
D:1:      minmay_arrival_stone_box
D:2:      amethyst_overflow_temple_binary, bh_walls_and_bars
D:3:      overflow_temple_1_default, grunt_temple_overflow_open, first_ration,
          serial_bayou_pond_e, uniq_crazy_yiuf_cottage, uniq_ijyb

Skill      XL: |  1  2  3  4  5 |
---------------+----------------+-----
Shields        | 4 5 6 7 |  7.6
Fighting       | |  3.2
Long Blades    | |  2.0
Armour         | |  3.2

Action                   |  1- 3 |  4- 6 || total
-------------------------+-------+-------++-------
Melee: Long sword        |    87 |   146 ||   233
 Abil: Dig               |       |     1 ||     1
  Use: Scroll            |     1 |     2 ||     3
       Potion            |       |     5 ||     5
  Eat: Chunk             |       |     3 ||     3
Armor: Scale mail        |    27 |    71 ||    98
       Skin              |       |    12 ||    12
Dodge: Dodged            |    31 |    53 ||    84
Block: Shield            |    43 |   106 ||   149
       Rpst.: Long sword |    13 |    20 ||    33

Table legend:
 A = Spawn XP
 B = Non-spawn XP
 C = Spawn XP percentage of total XP
 D = Spawn monster count
 E = Non-spawn monster count
 F = Spawn count percentage of total count
 G = Total turns spent on level
                    A         B        C        D         E        F      G
               +---------+---------+-------+---------+---------+-------+---------
         Total |       0 |     286 |   0.0 |       0 |      54 |   0.0 |  1953
               +---------+---------+-------+---------+---------+-------+---------
           D:1 |       0 |      32 |   0.0 |       0 |      19 |   0.0 |   608
           D:2 |       0 |     112 |   0.0 |       0 |      23 |   0.0 |  1251
           D:3 |       0 |     142 |   0.0 |       0 |      12 |   0.0 |    94
               +---------+---------+-------+---------+---------+-------+---------
